 Dungeon Crawl Stone Soup version 0.27-a0-765-ge4d627daa3 (webtiles) character file.

Game seed: 17204229628214039468

53 dolemite99 the Cutter (level 3, -8/28 HPs)
             Began as a Djinni Gladiator on Mar 25, 2021.
             Was an Initiate of Yredelemnul.
             Killed from afar by a white imp (13 damage)
             ... with a puff of frost
             ... on level 2 of the Dungeon.
             The game lasted 00:01:24 (2056 turns).

dolemite99 the Cutter (Djinni Gladiator)            Turns: 2056, Time: 00:01:24

Health: -8/28      AC:  4    Str: 14    XL:     3   Next: 87%
Gold:   48         EV: 12    Int:  9    God:    Yredelemnul [......] SH:  0 Dex: 14

rFire    + + .     SeeInvis .   a - +2 dagger (venom)
rCold    x . .     Faith    .   (no shield)
rNeg     . . .     Spirit   .   b - +0 leather armour
rPois    ∞         Reflect  .   c - +0 helmet
rElec    .         Harm     .   (no cloak)
rCorr    .         Rampage  .   (no gloves)
Will     .....                  (boots unavailable)
Stlth    +.........             (no amulet)
HPRegen  0.09/turn              (no ring)
MPRegen  0.00/turn              (no ring)

@: flying
A: fire resistance 2, cold vulnerability 1, float, innate caster, hp casting,
extra vitality 1
a: Renounce Religion


You were on level 2 of the Dungeon.
You worshipped Yredelemnul.
Yredelemnul was noncommittal.
You visited 1 branch of the dungeon, and saw 2 of its levels.

You collected 48 gold pieces.

Inventory:

Hand Weapons
 a - a +2 dagger of venom (weapon)
 k - a +0 rapier
Missiles
 d - 3 throwing nets (quivered)
 e - 112 stones
 j - 3 javelins
Armour
 b - a +0 leather armour (worn)
 c - a +0 helmet (worn)
Jewellery
 g - a +4 ring of protection
Scrolls
 h - a scroll of vulnerability {unknown}
 i - 2 scrolls of identify {unknown}
 l - a scroll of amnesia {unknown}
Potions
 f - a potion of flight {unknown}


   Skills:
 - Level 2.0 Fighting
 + Level 4.2 Short Blades
 - Level 1.5 Throwing
 - Level 3.2 Dodging


You had one spell level left.
You knew the following spells:

 Your Spells              Type           Power      Damage    Failure   Level
a - Shock                 Conj/Air       0%         1d3       45%         1
Your spell library was empty.

Dungeon Overview and Level Annotations

Branches:
Dungeon (2/15)

Altars:
Sif Muna
Yredelemnul


Innate Abilities, Weirdness & Mutations

You are immune to poison.
Your flesh is very heat resistant. (rF++)
You are vulnerable to cold. (rC-)
You float through the air rather than walking.
You learn spells naturally, not from books.
Your magical power is your life essence.
You have superior vitality. (+4 HP)


Message History

You start waiting.
Done waiting.
e - 112 stones (gained 16)
There are no items here.
You see here a book of Cantrips.
The book of Cantrips burns to shimmering ash in your grasp.
Found a stone staircase leading up.
A white imp comes into view.
Found an engraved book.
Found a shimmering blue altar of Sif Muna.
A white imp is nearby!
The white imp barely misses you.
You hit the white imp but do no damage.
The white imp hits you but does no damage.
You hit the white imp.
The white imp is lightly wounded.
The white imp gestures at you. The puff of frost hits you!!
You feel a terrible chill!
Ouch! That really hurt!
You are too injured to fight recklessly!
You hit the white imp but do no damage.
The white imp is lightly wounded.
You are too injured to fight recklessly!
You are too injured to fight recklessly!
You hit the white imp.
The white imp is lightly wounded.
The white imp hits you. The white imp freezes you.
You feel a terrible chill!
* * * LOW HITPOINT WARNING * * *
You hit the white imp.
The white imp is heavily wounded.
The white imp gestures at you. The puff of frost misses you.
You are too injured to fight recklessly!
You are too injured to fight recklessly!
You hit the white imp.
The white imp is poisoned.
The white imp is severely wounded.
The white imp gestures at you. The puff of frost hits you!
You feel a terrible chill!
You die...
Your body rises from the dead as a mindless zombie.

......###........#.#.#.##########
.................#.#.#.#........#
.......#.........#.....#.####.###
...##......#####+###...#.#<...#
...##......#...........#.#..###
...........# ..##...#....#..#
....÷[.....# ##...##.#######
...........# ##...#####
.........### #..@## .........#
#..5## .........# #...#
..#########.:.# ......... #._.
......... ### .......>. .###+#...
... ..


You could see a white imp (very poisoned).

Vanquished Creatures
  3 adders (D:2)
  3 ball pythons (D:1)
  An endoplasm (D:1)
  2 giant cockroaches (D:1)
  2 goblins
  3 hobgoblins
  2 kobolds
  2 quokkas
  4 bats
  4 rats
26 creatures vanquished.

Notes
Turn   | Place    | Note
-------+----------+-------------------------------------------
     0 | D:1      | dolemite99 the Djinni Gladiator began the quest for the
                  | Orb.
     0 | D:1      | Reached XP level 1. HP: 18/18 MP: 0/0
    59 | D:1      | Reached skill level 3 in Short Blades
   104 | D:1      | Reached XP level 2. HP: 23/23 MP: 0/0
   971 | D:2      | Reached XP level 3. HP: 14/28 MP: 0/0
   971 | D:2      | Learned a level 1 spell: Shock
  1444 | D:2      | Found a basalt altar of Yredelemnul.
  1452 | D:2      | Became a worshipper of Yredelemnul the Dark
  1501 | D:2      | Reached skill level 4 in Short Blades
  2056 | D:2      | Killed from afar by a white imp

Illustrated notes

Levels and vault maps discovered:
D:1:      wander_arrival_chamber, layout_loops_corners
D:2:      layout_basic, nzn_overflow_gifts_of_might_and_magic,
          lemuel_coloured_pillars_altar, minmay_pentomino_t2

Skill      XL: |  1  2  3 |
---------------+----------+-----
Short Blades   | 3 4 |  4.2
Fighting       | |  2.0
Throwing       | |  1.5
Dodging        | |  3.2

Action                   || total
-------------------------++-------
Melee: Rapier            ||    52
       Dagger            ||    29
Armor: Leather armour    ||    19
Dodge: Dodged            ||    49

Table legend: (Time is in decaauts)
 A = Elapsed time spent in this place.
 B = Non-inter-level travel time spent in this place.
 C = Inter-level travel time spent in this place.
 D = Time resting spent in this place.
 E = Time spent auto-exploring this place.
 F = Levels seen in this place.
 G = Mean time per level.
                   A        B        C        D        E       F      G
               +--------+--------+--------+--------+--------+-----+--------+
         Total |   2051 |   2047 |      4 |    759 |   1018 |   2 | 1025.5 |
       Dungeon |   2051 |   2047 |      4 |    759 |   1018 |   2 | 1025.5 |
               +--------+--------+--------+--------+--------+-----+--------+

Top non-repeatable levels by time:
     D:2: 1123 daAuts
     D:1: 928 daAuts
